 Dungeon Crawl Stone Soup version 0.18.1-48-g4cf74bf (console) character file.

222538 Kloppie the Bludgeoner (level 18, -4/265 HPs)
             Began as a Minotaur Berserker on June 25, 2016.
             Was a High Priest of Trog.
             Slain by a yaktaur (6 damage)
             ... led by a vault warden
             ... on level 1 of the Vaults on June 26, 2016.
             The game lasted 01:33:45 (42341 turns).

Kloppie the Bludgeoner (Minotaur Berserker)        Turns: 42341, Time: 01:33:46

Health: -4/265     AC: 22    Str: 27    XL:     18   Next: 53%
Magic:  17/17      EV: 24    Int:  4    God:    Trog [*****.]
Gold:   1723       SH:  3    Dex: 18    Spells: 0 memorised, 17 levels left

rFire  + . .     SeeInvis .     a - +6 great mace (drain)
rCold  . . .     Gourm    .     I - +5 ring mail "Davosoil" {rPois rN+ rCorr}
rNeg   + . .     Faith    .     (shield currently unavailable)
rPois  +         Spirit   .     p - +0 hat
rElec  .         Dismiss  .     r - +1 cloak
rCorr  +         Reflect  +     U - +0 pair of gloves
SustAt .         Harm     .     D - +2 pair of boots
MR     ++++.                    m - +3 amulet of reflection
Stlth  ..........               A - ring of protection from magic
                                F - ring of protection from fire

@: berserking, regenerating, very quick, incredibly resistant to hostile
enchantments, extremely unstealthy
A: retaliatory headbutt, horns 2
a: Berserk, Trog's Hand, Brothers in Arms, Burn Spellbooks, Renounce Religion
}: 1/15 runes: gossamer


You were on level 1 of the Vaults.
You worshipped Trog.
Trog was extremely pleased with you.
You were hungry.

You visited 7 branches of the dungeon, and saw 32 of its levels.
You also visited: Bailey and Volcano.

You collected 2647 gold pieces.
You spent 924 gold pieces at shops.

Inventory:

Hand Weapons
 a - a +6 great mace of draining (weapon)
 b - a +6 longbow
 E - the +3 dire flail of the Moth {venom, -Tele rElec rN+++ Stlth+}
   (Trog gifted it to you in a volcano)

   It poisons the flesh of those it strikes.
   It insulates you from electricity.
   It renders you almost immune to negative energy.
   It prevents most forms of teleportation.
   It makes you more stealthy.
 S - the +4 dire flail "Qimav" {antimagic, -Tele rPois rN+}
   (You acquired it on level 7 of the Dungeon)

   It disrupts the flow of magical energy around spellcasters and certain
   magical creatures (including the wielder).
   It protects you from poison.
   It protects you from negative energy.
   It prevents most forms of teleportation.
Missiles
 M - 620 arrows
Armour
 p - a +0 hat (worn)
 r - a +1 cloak (worn)
 D - a +2 pair of boots (worn)
 I - the +5 ring mail "Davosoil" (worn) {rPois rN+ rCorr}
   (You found it on level 8 of the Dungeon)

   It protects you from poison.
   It protects you from negative energy.
   It protects you from acid and corrosion.
 U - a +0 pair of gloves (worn)
 Y - the +8 crystal plate armour of Vlad {rElec rF+ Dex+4 Stlth+}
   (You found it in a bailey)

   It affects your dexterity (+4).
   It protects you from fire.
   It insulates you from electricity.
   It makes you more stealthy.
Jewellery
 m - a +3 amulet of reflection (around neck)
 A - a ring of protection from magic (right hand)
 C - an uncursed ring of sustain attributes
 F - a ring of protection from fire (left hand)
 G - an uncursed ring of poison resistance
 P - an uncursed ring of resist corrosion
 W - an uncursed ring of flight
Wands
 l - a wand of disintegration (21/24)
 t - a wand of heal wounds (4/9)
 K - a wand of teleportation (4/9)
 L - a wand of disintegration (13/24)
 T - a wand of enslavement (13/24)
 V - a wand of digging (9/24)
Scrolls
 e - 5 scrolls of noise
 f - 3 scrolls of enchant weapon
 i - 14 scrolls of remove curse
 q - 2 scrolls of enchant armour
 v - 15 scrolls of teleportation
 w - 7 scrolls of fear
 y - 6 scrolls of fog
 J - 5 scrolls of identify
 Q - 2 scrolls of magic mapping
Potions
 j - 6 potions of agility
 k - 2 potions of might
 n - 5 potions of invisibility
 o - 3 potions of flight
 s - 4 potions of ambrosia
 u - 3 potions of cancellation
 x - 9 potions of curing
 z - 2 potions of haste
 B - a potion of resistance
 O - a potion of cure mutation
Comestibles
 c - 11 bread rations
 d - 9 beef jerkies
 g - 22 chunks of flesh
 h - a slice of pizza
 N - 22 royal jellies
 R - a meat ration


   Skills:
 - Level 19.6 Fighting
 - Level 20.1 Maces & Flails
 * Level 12.2 Bows
 + Level 16.6 Armour
 - Level 16.3 Dodging


You had 17 spell levels left.
You didn't know any spells.

Dungeon Overview and Level Annotations

Branches:
Dungeon (15/15)            Temple (0/1) D:7            Lair (8/8) D:10
 Shoals (1/4) Lair:3       Spider (4/4) Lair:3        Slime (0/6) Lair:7
    Orc (2/2) D:9             Elf (1/3) Orc:2        Vaults (1/5) D:13
 Depths (0/5) D:15

Altars:
Fedhas
Gozag
Nemelex Xobeh
Okawaru
Pakellas
Ru
Sif Muna
Trog
Xom
Yredelemnul
Zin
The Shining One

Shops:
Orc:2 ::*!   Elf:1 }

Annotations:
D:14 exclusion: Roxanne, Roxanne
Lair:1 exclusion: 2 oklob plants
Lair:7 exclusion: 2 oklob plants


Innate Abilities, Weirdness & Mutations

You reflexively headbutt those who attack you in melee.
You have a pair of horns on your head.


Message History

The runic seals fade away.
You feel your strength returning.
The yaktaur shoots a bolt.
The bolt hits you!
* * * LOW HITPOINT WARNING * * *
The yaktaur hits you but does no damage.
You sock the yaktaur! You drain the yaktaur!
The yaktaur is severely wounded.
The yaktaur hits you but does no damage.
You flatten the yaktaur like a pancake!!!
You kill the yaktaur!
Trog accepts your kill. The yaktaur barely misses you. You furiously retaliate!
You headbutt the yaktaur. You thump the yaktaur! You headbutt the yaktaur!
You kill the yaktaur!
Trog accepts your kill.
The yaktaur shoots a bolt.
The bolt hits you.
* * * LOW HITPOINT WARNING * * *
The yaktaur hits you.
You die...

##### ############
....######..#..(....#
....##...#..#...))..#
....##...#..#...@)..#
....##...##.#.()(c..#
....##...#(.#..(.c..#
)...#...))..+.(.....#
....#...()((#(......#
...('..()#..#(......#
....#(.#...####+#####
....#(.#...#
....#..#.#.#


You could see 2 yaktaurs.

Vanquished Creatures
  Arachne (Spider:2)
  Asterion (Orc:2)
  A sphinx (Vaults:1)
  Kirke (Spider:2)
  A vault warden (Vaults:1)
  Louise (Elf:1)
  2 emperor scorpions
  A deep elf sorcerer (Elf:1)
  A fire giant (D:15)
  Maud (D:11)
  An orc warlord (Orc:1)
  5 ghost moths
  A deep elf annihilator (Elf:1)
  2 spark wasps (Spider:4)
  Azrael (Spider:3)
  Snorg (Lair:4)
  The ghost of Kiel97 the Carver, a journeyman DsGl of Makhleb (Lair:3)
  A deep elf death mage (Elf:1)
  The ghost of schammes the Blocker, a journeyman DsFi of Qazlal (D:12)
  Josephine (D:11)
  Harold (D:11)
  Erolcha (D:9)
  14 hydras
  6 entropy weavers
  2 centaur warriors
  5 catoblepae
  A merfolk aquamancer (Shoals:1)
  3 ogre magi
  2 tengu warriors
  21 death yaks
  2 dancing weapons (Elf:1)
  Urug (D:12)
  Nergalle (Lair:4)
  An orc high priest (Orc:1)
  7 deep elf knights
  A shadow wraith (D:13)
  An unseen horror (Vaults:1)
  2 deep trolls (Orc:1)
  2 deep elf archers (Elf:1)
  An anubis guard (shapeshifter) (Elf:1)
  11 hill giants
  Pikel (D:8)
  5 manticores
  24 deep elf magi
  A necromancer (D:13)
  10 ugly things (D:15)
  18 orb spiders
  3 orc sorcerers
  10 cyclopes
  9 hornets
  A griffon (D:13)
  4 moths of wrath
  The ghost of XYNTA the Basher, a novice OgHu (D:5)
  39 wolf spiders
  4 black mambas
  15 elephants
  2 torpor snails
  Psyche (D:11)
  A molten gargoyle (Volcano)
  15 spiny frogs
  2 gargoyles
  A centaur skeleton (D:8)
  8 yaktaurs (Vaults:1)
  13 demonic crawlers
  A rime drake (Lair:3)
  7 komodo dragons
  A kobold demonologist (D:14)
  16 trolls
  37 jumping spiders
  2 merfolk (Shoals:1)
  11 two-headed ogres
  2 tengu conjurers
  2 queen bees
  34 blink frogs
  A boulder beetle (Spider:2)
  A shadow (D:11)
  A centaur simulacrum (D:15)
  5 wyverns
  4 water elementals (Shoals:1)
  53 yaks
  4 fire bats (Volcano)
  84 redbacks
  39 tarantellas
  3 fire elementals
  3 wraiths (D:11)
  9 vampire mosquitoes
  Grum (D:8)
  3 basilisks
  7 hungry ghosts
  Eustachio (D:4)
  13 hippogriffs
  5 mottled dragons
  Edmund (D:4)
  Menkaure (D:6)
  5 wargs
  21 water moccasins
  A hell hound (shapeshifter) (D:13)
  5 hell hounds
  A black bear (D:11)
  11 porcupines
  30 orc warriors
  3 slaves (D:8)
  4 sky beasts
  3 phantoms
  4 ice beasts
  31 ogres
  36 wolves
  An eye of draining (D:14)
  4 necrophages (Lair:7)
  18 crocodiles
  8 centaurs
  3 big kobolds (D:11)
  Blork the orc (D:4)
  17 giant frogs
  An earth elemental (Elf:1)
  A wyvern skeleton (D:6)
  4 scorpions
  48 killer bees
  13 wights
  3 howler monkeys
  2 electric eels
  3 centaur zombies
  11 crimson imps
  6 lava snakes (Volcano)
  A quasit (D:9)
  9 hounds
  A giant frog zombie (D:5)
  19 orc priests
  2 giant frog skeletons
  7 jellies
  A gnoll shaman (D:7)
  Jessica (D:2)
  9 iguanas
  Ijyb (D:2)
  31 orc wizards
  10 worker ants
  37 sheep
  A hound zombie (D:8)
  2 worker ant zombies
  8 gnolls (D:7)
  A howler monkey skeleton (D:7)
  10 adders
  73 river rats
  4 shadow imps
  An ooze (D:3)
  3 worms
  4 dart slugs
  4 giant geckos
  91 orcs
  12 bats
  4 giant cockroaches
  14 goblins
  9 hobgoblins
  27 jackals
  24 kobolds
  3 ball pythons
  8 giant newts
  A quokka skeleton (D:5)
  7 rats
1391 creatures vanquished.

Vanquished Creatures (collateral kills)
  2 orc warlords
  A troll (Orc:2)
  A snapping turtle (Shoals:1)
  A hippogriff (Shoals:1)
  3 centaurs (Lair:3)
  An ogre (Orc:2)
  A crocodile (Lair:3)
10 creatures vanquished.

Vanquished Creatures (others)
  A shadow (D:15)
  3 humans (Spider:3)
  A hell hound (Spider:3)
  A slave (D:8)
  An orc (Orc:2)
  20 fungi
  12 plants
39 creatures vanquished.

Grand Total: 1440 creatures vanquished

Notes
Turn   | Place    | Note
--------------------------------------------------------------
     0 | D:1      | Kloppie the Minotaur Berserker began the quest for the Orb.
     0 | D:1      | Reached XP level 1. HP: 19/19 MP: 0/0
    50 | D:1      | HP: 1/30 [giant newt (2)]
   372 | D:1      | Reached skill level 4 in Maces & Flails
   372 | D:1      | Reached XP level 2. HP: 26/27 MP: 1/1
   846 | D:1      | Reached XP level 3. HP: 31/33 MP: 2/2
   878 | D:1      | Reached ** piety under Trog
   994 | D:2      | Found a bloodstained altar of Trog.
  1278 | D:2      | Reached skill level 5 in Maces & Flails
  1460 | D:2      | Noticed Ijyb
  1461 | D:2      | Reached XP level 4. HP: 38/41 MP: 3/3
  1472 | D:2      | Killed Ijyb
  1629 | D:2      | Noticed Jessica
  1633 | D:2      | Killed Jessica
  1633 | D:2      | Reached skill level 5 in Fighting
  1736 | D:2      | Found a faded altar to an unknown god.
  1815 | D:2      | Reached XP level 5. HP: 44/48 MP: 4/4
  2375 | D:3      | Reached skill level 6 in Maces & Flails
  2726 | D:3      | Found a sacrificial altar of Ru.
  2730 | D:3      | Reached *** piety under Trog
  3349 | D:4      | Noticed an ogre
  3397 | D:4      | Killed an ogre
  3397 | D:4      | Reached skill level 7 in Maces & Flails
  3397 | D:4      | Reached XP level 6. HP: 57/57 MP: 5/5
  3564 | D:4      | Noticed Eustachio
  3607 | D:4      | Killed Eustachio
  3726 | D:4      | Noticed an ice beast
  3742 | D:4      | Killed an ice beast
  3742 | D:4      | Reached XP level 7. HP: 53/66 MP: 6/6
  3753 | D:4      | Reached skill level 8 in Maces & Flails
  3757 | D:4      | Noticed Edmund
  3783 | D:4      | Killed Edmund
  3814 | D:4      | Noticed Blork the orc
  3820 | D:4      | Killed Blork the orc
  4250 | D:5      | Entered Level 5 of the Dungeon
  4266 | D:5      | Noticed XYNTA's ghost (novice OgHu)
  4284 | D:5      | Killed XYNTA's ghost
  4284 | D:5      | Reached skill level 9 in Maces & Flails
  4284 | D:5      | Reached XP level 8. HP: 78/78 MP: 7/7
  4321 | D:5      | Found an iron altar of Okawaru.
  4657 | D:5      | Reached skill level 10 in Maces & Flails
  4676 | D:5      | Found a shimmering altar of Xom.
  5332 | D:6      | Reached **** piety under Trog
  5371 | D:6      | Reached skill level 10 in Fighting
  5467 | D:6      | Reached XP level 9. HP: 85/85 MP: 8/8
  5500 | D:6      | Found a deep blue altar of Sif Muna.
  5500 | D:6      | Found a blossoming altar of Fedhas.
  5500 | D:6      | Found an opulent altar of Gozag.
  5500 | D:6      | Found an oddly glowing altar of Pakellas.
  5524 | D:6      | Reached skill level 11 in Maces & Flails
  5738 | D:6      | Noticed Menkaure
  5748 | D:6      | Killed Menkaure
  6458 | D:7      | Identified a scroll of acquirement
  6459 | D:7      | Got a transparent dire flail
  6460 | D:7      | Identified the +4 dire flail "Qimav" {antimagic, -Tele rPois rN+} (You acquired it on level 7 of the Dungeon)
  6469 | D:7      | Found a staircase to the Ecumenical Temple.
  6729 | D:7      | Reached skill level 12 in Maces & Flails
  7346 | D:8      | Reached XP level 10. HP: 75/97 MP: 3/9
  7446 | D:8      | Got a bronze ring mail
  7457 | D:8      | Identified the +5 ring mail "Davosoil" {rPois rN+ rCorr} (You found it on level 8 of the Dungeon)
  7634 | D:8      | Found a basalt altar of Yredelemnul.
  7639 | D:8      | Found a glowing golden altar of the Shining One.
  7641 | D:8      | Noticed an angel
  7663 | D:8      | Noticed Grum
  7676 | D:8      | Killed Grum
  7772 | D:8      | Reached skill level 13 in Maces & Flails
  7834 | D:8      | Found a glowing silver altar of Zin.
  7834 | D:8      | Found a sparkling altar of Nemelex Xobeh.
  7981 | D:9      | Noticed Pikel
  8062 | D:8      | Killed Pikel
  8146 | D:9      | Found a staircase to the Orcish Mines.
  8422 | D:9      | Noticed Erolcha
  8444 | D:9      | Killed Erolcha
  8584 | D:9      | Reached skill level 14 in Maces & Flails
  8760 | D:10     | Entered Level 10 of the Dungeon
  8967 | D:10     | Reached XP level 11. HP: 97/108 MP: 3/10
  8977 | D:10     | Reached skill level 5 in Armour
  9034 | D:10     | Reached ***** piety under Trog
  9300 | D:10     | Noticed a hill giant
  9305 | D:10     | Killed a hill giant
  9470 | D:10     | Noticed a wolf spider
  9474 | D:10     | Killed a wolf spider
  9481 | D:10     | Noticed a centaur warrior
  9494 | D:10     | Killed a centaur warrior
  9812 | D:10     | Found a staircase to the Lair.
 10052 | Lair:1   | Entered Level 1 of the Lair of Beasts
 10422 | Lair:1   | Reached skill level 15 in Maces & Flails
 10846 | Lair:1   | Reached skill level 10 in Armour
 11068 | Lair:1   | Noticed an oklob plant
 11068 | Lair:1   | Noticed an oklob plant
 11378 | Lair:2   | Noticed a seven-headed hydra
 11393 | Lair:2   | Killed a seven-headed hydra
 11393 | Lair:2   | Reached XP level 12. HP: 64/116 MP: 3/11
 12234 | Lair:3   | Reached skill level 5 in Dodging
 12471 | Lair:3   | Reached skill level 16 in Maces & Flails
 12650 | Lair:3   | Noticed Kiel97's ghost (journeyman DsGl)
 12677 | Lair:3   | Killed Kiel97's ghost
 12772 | Lair:3   | Found a staircase to the Shoals.
 12994 | Lair:3   | Found a hole to the Spider Nest.
 13103 | Lair:3   | Noticed a four-headed hydra
 13115 | Lair:3   | Killed a four-headed hydra
 13368 | Lair:3   | Noticed an eight-headed hydra
 13381 | Lair:3   | Killed an eight-headed hydra
 13535 | Lair:4   | Received a gift from Trog
 13837 | Lair:4   | Reached XP level 13. HP: 122/123 MP: 4/12
 13839 | Lair:4   | Noticed Nergalle
 13853 | Lair:4   | Killed Nergalle
 13876 | Lair:4   | Noticed Snorg
 13891 | Lair:4   | Killed Snorg
 14187 | Lair:4   | Reached skill level 10 in Dodging
 14677 | Lair:5   | Reached skill level 17 in Maces & Flails
 15144 | Lair:5   | Got a warped ring mail
 15145 | Lair:5   | Identified the +4 ring mail "Fodukh" {rPois rCorr Int+2} (You found it on level 5 of the Lair of Beasts)
 15293 | Lair:5   | Received a gift from Trog
 16405 | Lair:6   | Received a gift from Trog
 16872 | Lair:7   | Reached XP level 14. HP: 129/130 MP: 4/13
 16957 | Lair:7   | Reached skill level 18 in Maces & Flails
 17230 | Lair:7   | Reached ****** piety under Trog
 17272 | Lair:7   | Found a dark tunnel.
 17293 | Volcano  | Entered a volcano
 17496 | Volcano  | Found a radiant altar of Vehumet.
 17514 | Volcano  | Received a gift from Trog
 17521 | Volcano  | Got a jewelled dire flail {god gift}
 17639 | Volcano  | Identified the +3 dire flail of the Moth {venom, -Tele rElec rN+++ Stlth+} (Trog gifted it to you in a volcano)
 18179 | Lair:7   | Found a staircase to the Slime Pits.
 18719 | Orc:1    | Entered Level 1 of the Orcish Mines
 19045 | Orc:2    | Entered Level 2 of the Orcish Mines
 19045 | Orc:2    | Found Hoem's Book Boutique.
 19045 | Orc:2    | Found Vecyif's Book Shoppe.
 19045 | Orc:2    | Found Qyub's Assorted Antiques.
 19084 | Orc:1    | Reached skill level 15 in Dodging
 19388 | Orc:1    | Received a gift from Trog
 19946 | Orc:2    | Found Faopn's Distillery.
 19965 | Orc:2    | Bought a potion of degeneration for 11 gold pieces
 19965 | Orc:2    | Bought a potion of heal wounds for 55 gold pieces
 19977 | Orc:2    | Found a staircase to the Elven Halls.
 20058 | Orc:2    | Noticed an orc warlord
 20083 | Orc:2    | Killed an orc warlord
 20083 | Orc:2    | Reached skill level 19 in Maces & Flails
 20526 | Orc:2    | Noticed an orc warlord
 20534 | Orc:2    | Noticed an orc warlord
 20555 | Orc:1    | Killed an orc warlord
 20555 | Orc:1    | Reached XP level 15. HP: 60/137 MP: 14/14
 20990 | Orc:1    | Killed an orc warlord
 21427 | D:8      | Got a faintly humming ring mail
 21492 | D:8      | Identified the +2 ring mail of the Exiled Places {rF+ rC+ rN+ Slay-3} (You found it on level 8 of the Dungeon)
 21720 | Lair:8   | Entered Level 8 of the Lair of Beasts
 22198 | Lair:8   | Received a gift from Trog
 22945 | Lair:8   | Reached skill level 20 in Maces & Flails
 24263 | D:10     | Received a gift from Trog
 25170 | D:11     | Noticed Josephine
 25179 | D:11     | Killed Josephine
 25440 | D:11     | Noticed Harold
 25458 | D:11     | Killed Harold
 25458 | D:11     | Reached skill level 15 in Fighting
 25463 | D:11     | Noticed Psyche
 25475 | D:11     | Killed Psyche
 25868 | D:11     | Noticed Maud
 25885 | D:11     | Killed Maud
 26014 | D:12     | Noticed schammes's ghost (journeyman DsFi)
 26029 | D:12     | Killed schammes's ghost
 26409 | D:12     | Noticed Urug
 26425 | D:12     | Killed Urug
 26577 | D:13     | Found a flagged portal.
 26597 | Bailey   | Entered a bailey
 26743 | Bailey   | Received a gift from Trog
 26774 | Bailey   | Got an ancient crystal plate armour
 27313 | D:13     | Identified the +8 crystal plate armour of Vlad {rElec rF+ Dex+4 Stlth+} (You found it in a bailey)
 27464 | D:13     | Found an oddly glowing altar of Pakellas.
 27526 | D:13     | Reached XP level 16. HP: 148/151 MP: 15/15
 27532 | D:13     | Found a gate to the Vaults.
 27862 | D:14     | Received a gift from Trog
 28092 | D:14     | Noticed Roxanne
 28239 | D:14     | Received a gift from Trog
 28491 | D:14     | Got an ancient robe
 28515 | D:14     | Identified the +0 robe of the Barracuda {Dex+3} (You found it on level 14 of the Dungeon)
 28619 | D:15     | Entered Level 15 of the Dungeon
 28884 | D:15     | Found a staircase to the Depths.
 29386 | Elf:1    | Entered Level 1 of the Elven Halls
 29386 | Elf:1    | Noticed Asterion
 29416 | Orc:2    | Killed Asterion
 29872 | Elf:1    | Found Figuf's Gadget Shop.
 29880 | Elf:1    | Bought a wand of heal wounds (5/9) for 702 gold pieces
 30621 | Elf:1    | Noticed Louise
 30650 | Elf:1    | Killed Louise
 31562 | Spider:1 | Entered Level 1 of the Spider Nest
 31817 | Spider:1 | Reached skill level 1 in Bows
 31830 | Spider:1 | Reached XP level 17. HP: 113/166 MP: 16/16
 32939 | Spider:1 | Received a gift from Trog
 32939 | Spider:1 | Reached skill level 5 in Bows
 34792 | Spider:3 | Received a gift from Trog
 34794 | Spider:3 | Noticed Arachne
 35082 | Spider:2 | Killed Arachne
 35650 | Spider:3 | Noticed Kirke
 35661 | Spider:2 | Killed Kirke
 35661 | Spider:2 | Received a gift from Trog
 35763 | Spider:2 | Reached skill level 15 in Armour
 36341 | Spider:2 | Reached skill level 10 in Bows
 37049 | Spider:3 | Noticed Azrael
 37059 | Spider:3 | Killed Azrael
 37321 | Spider:4 | Entered Level 4 of the Spider Nest
 37772 | Spider:4 | Received a gift from Trog
 38487 | Spider:4 | Received a gift from Trog
 38646 | Spider:3 | Reached XP level 18. HP: 101/176 MP: 17/17
 39240 | Spider:4 | Received a gift from Trog
 39721 | Elf:1    | Bought a wand of digging (2/24) for 156 gold pieces
 40093 | Spider:3 | Received a gift from Trog
 40657 | Spider:4 | Received a gift from Trog
 40658 | Spider:4 | Got a shimmering longbow {god gift}
 40677 | Spider:4 | Identified the +8 longbow of Trog's Righteous Anger {freeze, rF- Str-2 Int+10 Stlth+} (Trog gifted it to you on level 4 of the Spider Nest)
 41282 | Spider:4 | Got a gossamer rune of Zot
 41513 | Shoals:1 | Entered Level 1 of the Shoals
 42127 | Vaults:1 | Entered Level 1 of the Vaults
 42305 | Vaults:1 | Received a gift from Trog
 42338 | Vaults:1 | HP: 1/265 [yaktaur/bolt[a vault warden] (14)]
 42341 | Vaults:1 | Slain by a yaktaur

Skill      XL: |  1  2  3  4  5  6  7  8  9 10 11 12 13 14 15 16 17 18 |
---------------+-------------------------------------------------------+-----
Maces & Flails | 4 5 7 9 10 12 14 15 16 17 19 20 | 20.1
Fighting       | 4 5 6 7 9 10 12 13 15 18 19 | 19.6
Armour         | 4 10 11 12 14 15 16 | 16.6
Dodging        | 9 13 15 16 | 16.3
Bows           | 2 10 12 | 12.2

Action                   |  1- 3 |  4- 6 |  7- 9 | 10-12 | 13-15 | 16-18 || total
-------------------------+-------+-------+-------+-------+-------+-------++-------
Melee: Mace              |    74 |   112 |       |       |       |       ||   186
       Headbutt          |     7 |    32 |    65 |   162 |   409 |   324 ||   999
       Whip              |       |    81 |    33 |       |       |       ||   114
       Flail             |       |       |   162 |       |       |       ||   162
       Dire flail        |       |       |    96 |   732 |  1608 |   273 ||  2709
       Great mace        |       |       |       |       |    41 |  1046 ||  1087
 Fire: Longbow           |       |       |       |       |       |   110 ||   110
Invok: Berserk           |     2 |       |     3 |     6 |     5 |     5 ||    21
       Trog's Hand       |       |     3 |     9 |    13 |    29 |    20 ||    74
       Brothers in Arms  |       |       |       |     1 |     3 |     2 ||     6
Evoke: Wand              |       |       |       |       |     2 |     3 ||     5
  Use: Scroll            |       |       |    16 |    13 |     5 |     7 ||    41
       Potion            |       |       |       |       |     3 |     7 ||    10
 Stab: Sleeping          |     1 |       |       |       |     3 |       ||     4
       Distracted        |       |       |     1 |       |     2 |       ||     3
       Petrifying        |       |       |       |       |     2 |       ||     2
  Eat: Chunk             |     4 |     7 |    11 |    21 |    37 |    24 ||   104
       Meat ration       |       |       |     1 |     2 |     3 |     4 ||    10
       Royal jelly       |       |       |       |       |     1 |     2 ||     3
       Pizza             |       |       |       |       |       |     1 ||     1
       Bread ration      |       |       |       |       |       |     2 ||     2
Armor: Animal skin       |    13 |       |       |       |       |       ||    13
       Ring mail         |       |    18 |       |   255 |   370 |   516 ||  1159
       Scale mail        |       |    95 |   102 |       |       |       ||   197
       Crystal plate arm |       |       |       |       |    27 |   142 ||   169
Dodge: Dodged            |    44 |    88 |    84 |   351 |  1233 |  1667 ||  3467
Block: Other             |       |       |    16 |    67 |   170 |   194 ||   447
       Reflection        |       |       |       |       |     4 |     5 ||     9
